Cogmind - Beta 9.3 @@@ ROGUE MODE // 2019.12.21 @ 00:00:18 // Winter2019/RPGLIKE Player: Exeight Result: Self-destructed Performance ------------- Evolutions (3) 1500 Regions Visited (6) 1200 Robots Destroyed (68) 340 Value Destroyed (1750) 1750 Prototype IDs (2) 40 Alien Tech Used (0) 0 Bonus (0) 0 TOTAL SCORE: 4830 Bonus ------- None Cogmind --------- Core Integrity 160/600 Matter 285/300 Energy 200/200 System Corruption 0% Temperature Cool (0) Movement Walking (150) Ox1 Location -7/Factory Parts ------- > --- POWER (2) -------- Light Deuterium Engine Light Nuclear Core > --- PROPULSION (3) --- Aluminum Leg Cesium-ion Thruster Cesium-ion Thruster > --- UTILITY (4) ------ Disposable Heat Sink Advanced Sensor Array Signal Interpreter Armor Integrity Analyzer > --- WEAPON (1) ------- Assault Cannon > --- INVENTORY (3) ---- Hacking Suite Hacking Suite Rocket Launcher Peak State ------------ > --- POWER ------------ Ion Engine Heavy Ion Engine > --- PROPULSION ------- Cesium-ion Thruster Cesium-ion Thruster Cesium-ion Thruster > --- UTILITY ---------- Disposable Heat Sink Advanced Sensor Array Signal Interpreter Armor Integrity Analyzer > --- WEAPON ----------- Advanced Beam Cannon > --- INVENTORY -------- Hacking Suite Hacking Suite Grenade Launcher [Rating: 24] Favorites ----------- Power Ion Engine Engine Ion Engine Power Core Light Nuclear Core Propulsion Cesium-ion Thruster Leg Aluminum Leg Flight Unit Cesium-ion Thruster Utility Signal Interpreter Device Advanced Sensor Array Processor Signal Interpreter Weapon Advanced Beam Cannon Energy Gun Pulse Rifle Energy Cannon Advanced Beam Cannon Ballistic Gun Assault Rifle Ballistic Cannon Light Cannon Launcher Grenade Launcher Build | -11 -10 -10 -9 -9 -8 -7 ------- Run | Scr Mat Min Mat Min Mat Fac Slots Evolved 6 | 1 2 1 2 . . . Power 1 | . . . 1 . . . Propulsion 2 | 1 . . 1 . . . Utility 3 | . 2 1 . . . . Weapon . | . . . . . . . Parts Attached 47 | 4 9 4 19 4 7 . Power 9 | 1 1 . 4 1 2 . Engine 7 | 1 1 . 4 . 1 . Core 2 | . . . . 1 1 . Reactor . | . . . . . . . Propulsion 11 | 2 2 1 5 1 . . Treads . | . . . . . . . Leg 3 | 2 . . . 1 . . Wheel . | . . . . . . . Hover . | . . . . . . . Flight 8 | . 2 1 5 . . . Utility 7 | . 3 1 3 . . . Device 4 | . 1 . 3 . . . Storage . | . . . . . . . Processor 3 | . 2 1 . . . . Hackware . | . . . . . . . Protection . | . . . . . . . Artifact . | . . . . . . . Weapon 20 | 1 3 2 7 2 5 . Energy Gun 4 | . . 1 2 . 1 . Energy Cannon 5 | . . . 2 1 2 . Ballistic Gun 3 | 1 1 1 . . . . Ballistic Cannon 4 | . 1 . 2 . 1 . Launcher 4 | . 1 . 1 1 1 . Special Weapon . | . . . . . . . Impact Weapon . | . . . . . . . Slashing Weapon . | . . . . . . . Piercing Weapon . | . . . . . . . Special Melee Weapon . | . . . . . . . Unidentified Prototypes 2 | . . . 2 . . . Parts Lost 1 | . . . . 1 . . Power . | . . . . . . . Propulsion 1 | . . . . 1 . . Utility . | . . . . . . . Weapon . | . . . . . . . Highest Loss Streak 1 | . . . . 1 . . Average Slot Usage (%) 96 | . 99 89 92 99 99 100 Engine 15 | . 17 12 18 17 9 10 Core 2 | . . . . 2 10 10 Leg 8 | . 17 . . 2 10 10 Flight 22 | . 16 25 29 26 20 20 Device 16 | . 16 12 14 20 20 20 Processor 18 | . 12 25 20 20 20 20 Energy Cannon 2 | . . . 2 10 2 . Ballistic Gun 3 | . 9 4 . . . . Ballistic Cannon 5 | . 7 2 6 . 6 10 Naked Turns . | . . . . . . . Heaviest Build 20 | 7 9 7 16 16 20 17 Greatest Support 20 | 20 20 8 18 18 10 10 Greatest Overweight (x) 1 | . 1 . 1 1 1 1 Average Overweight (x) . | . . . . . 1 1 Largest Inventory Capacity 3 | . 3 3 3 3 3 3 Average Capacity 2 | . 1 3 3 3 3 3 Most Carried 3 | . 3 3 3 3 3 3 Average Carried 2 | . 1 2 3 3 2 3 Final Capacity 3 | . 3 3 3 3 3 3 Final Carried 3 | . 3 3 3 3 3 3 Class Distribution -------------------- 50% | Scavenger-Mutant 49% | Mutant Dominant Class ---------------- Scavenger-Mutant | -10/Materials Scavenger-Mutant | -10/Mines Mutant | -9/Materials Mutant | -9/Mines Scavenger-Mutant | -8/Materials Scavenger-Mutant | -7/Factory Resources | -11 -10 -10 -9 -9 -8 -7 ----------- Run | Scr Mat Min Mat Min Mat Fac Matter Collected 1542 | 240 418 54 451 246 133 . Remotely . | . . . . . . . Salvage Created 1483 | . 275 53 358 354 443 . Parts 120 | . 44 9 25 21 21 . Haulers Intercepted 7 | . 2 . 5 . . . Recyclers Shooed 1 | . 1 . . . . . Parts Field Recycled . | . . . . . . . Retrieved Matter . | . . . . . . . Parts Self-Destructed . | . . . . . . . Prevented . | . . . . . . . Kills | -11 -10 -10 -9 -9 -8 -7 ------- Run | Scr Mat Min Mat Min Mat Fac Combat Hostiles Destroyed 52 | . 14 7 11 10 10 . Guns 14 | . 8 6 . . . . Cannons 25 | . 6 . 8 7 4 . AOE 12 | . . . 3 3 6 . Classes Destroyed 6 | . 5 . 1 . . . Hauler 7 | . 2 . 5 . . . Operator 3 | . 2 . 1 . . . Watcher 6 | . 3 . 2 . 1 . Swarmer 18 | . 8 3 . 3 4 . Grunt 24 | . 6 4 6 5 3 . Sentry 10 | . . . 5 2 3 . Best Kill Streak 7 | . 5 2 4 3 7 . Combat Bots Only 7 | . 5 2 3 3 7 . Max Kills in Single Turn 2 | . 1 1 1 2 2 . Gunslinging . | . . . . . . . Exploded 2 | . . . 1 2 2 . Melee . | . . . . . . . Uniques/NPCs Destroyed . | . . . . . . . Combat | -11 -10 -10 -9 -9 -8 -7 -------- Run | Scr Mat Min Mat Min Mat Fac Damage Taken 2341 | . 556 266 761 370 388 . Core 1876 | . 441 214 604 303 314 . Absorbed by Shields . | . . . . . . . Redirected to Core 1539 | . 356 171 538 227 247 . Core Remaining (%) 75 | 100 . 98 . 79 26 . Volleys Fired 287 | . 100 39 100 28 18 2 Largest 1 | . 1 1 1 1 1 1 Hottest 68 | . 35 63 68 68 63 44 Shots Fired 287 | . 100 39 100 28 18 2 Gun 112 | . 72 39 1 . . . Cannon 157 | . 28 . 86 26 15 2 Launcher 18 | . . . 13 2 3 . Special . | . . . . . . . Kinetic 203 | . 100 15 79 . 7 2 Thermal 58 | . . 24 8 26 . . Explosive 18 | . . . 13 2 3 . Electromagnetic 8 | . . . . . 8 . Robot Hit Streak 20 | . 11 16 16 20 6 8 Robot Miss Streak 4 | . 4 2 4 1 1 . Penetration Max . | . . . . . . . Secondary Targets . | . . . . . . . Shots Hit Robots 215 | . 64 32 77 25 15 2 Core Hits 99 | . 29 11 30 14 15 . Critical Hits 7 | . 1 . . 6 . . Critical Kills 2 | . . . . 2 . . Critical Parts Destroyed 5 | . 1 . . 4 . . Melee Attacks . | . . . . . . . Impact . | . . . . . . . Slashing . | . . . . . . . Piercing . | . . . . . . . Sneak Attacks . | . . . . . . . Combat Hostiles . | . . . . . . . Follow-up Attacks . | . . . . . . . Damage Inflicted 4659 | . 925 413 1887 630 754 50 Guns 1009 | . 581 413 15 . . . Cannons 2672 | . 344 . 1468 488 322 50 Explosions 978 | . . . 404 142 432 . Melee . | . . . . . . . Ramming . | . . . . . . . Kinetic 2612 | . 925 104 1386 . 147 50 Thermal 1120 | . . 309 97 488 226 . Explosive 752 | . . . 404 142 206 . Electromagnetic 175 | . . . . . 175 . Impact . | . . . . . . . Slashing . | . . . . . . . Piercing . | . . . . . . . Highest Corruption . | . . . . . . . Average Corruption . | . . . . . . . Corruption Purged . | . . . . . . . Overload Shots . | . . . . . . . Overflow Damage 73 | . . . 73 . . . Projectiles 55 | . . . 55 . . . Explosions 18 | . . . 18 . . . Melee . | . . . . . . . Knockbacks 21 | . 8 . 11 . 1 1 Impact . | . . . . . . . Kinetic 19 | . 7 . 10 . 1 1 Secondary 2 | . 1 . 1 . . . Self-Inflicted Damage 51 | . . . 27 . 24 . Shots 2 | . . . 1 . 1 . Rammed . | . . . . . . . Targets Rammed . | . . . . . . . Kicked . | . . . . . . . Crushed . | . . . . . . . Highest Temperature 468 | . 8 468 199 199 199 20 Average Temperature 88 | . 3 158 77 84 77 13 Received Heat Transfer 723 | . 126 81 252 165 99 . Effects 1 | . . 1 . . . . Shutdowns 1 | . . 1 . . . . Siege Activations . | . . . . . . . Robots Corrupted . | . . . . . . . Combat Hostiles . | . . . . . . . Parts Fried 2 | . . . . . 2 . Impact Corruptions . | . . . . . . . Robots Melted 1 | . . 1 . . . . Combat Hostiles 1 | . . 1 . . . . Parts Melted 5 | . . 2 . 3 . . Heat Transferred 1989 | . . 666 185 888 250 . Parts Sabotaged . | . . . . . . . Parts Stolen . | . . . . . . . Parts Stripped . | . . . . . . . Power Chain Reactions 3 | . . . . . 3 . Missiles Intercepted . | . . . . . . . Alert | -11 -10 -10 -9 -9 -8 -7 ------- Run | Scr Mat Min Mat Min Mat Fac Peak Influence 403 | . 241 240 376 397 403 112 Average Influence 172 | . 118 104 218 243 231 112 Maximum Alert Level 2 | . 1 1 1 1 2 . Low Security (%) 65 | 100 95 93 37 49 27 100 Level 1 34 | . 4 6 62 50 70 . Level 2 . | . . . . . 2 . Level 3 . | . . . . . . . Level 4 . | . . . . . . . Level 5 . | . . . . . . . High Security . | . . . . . . . Max Security . | . . . . . . . Squads Dispatched 9 | . 4 . 1 . 3 1 Investigation 1 | . 1 . . . . . Extermination . | . . . . . . . Reinforcement 5 | . 3 . 1 . . 1 Assault . | . . . . . . . Garrison 3 | . . . . . 3 . Intercept . | . . . . . . . Construction Impeded . | . . . . . . . Haulers Reinforced . | . . . . . . . Stealth | -11 -10 -10 -9 -9 -8 -7 --------- Run | Scr Mat Min Mat Min Mat Fac Distress Signals 5 | . 4 . 1 . . . Communications Jammed . | . . . . . . . Distress Signals . | . . . . . . . Times Spotted 99 | . 32 13 28 9 15 2 Peak Tracking Total 7 | . 5 3 5 3 7 1 Tactical Retreats 11 | . 2 3 4 . 2 . Traps | -11 -10 -10 -9 -9 -8 -7 ------- Run | Scr Mat Min Mat Min Mat Fac Traps Triggered 3 | . 2 1 . . . . Indirectly . | . . . . . . . Trap Hack Attempts . | . . . . . . . Triggered . | . . . . . . . Disarmed . | . . . . . . . Reprogrammed . | . . . . . . . Reused . | . . . . . . . Traps Extracted . | . . . . . . . Installed . | . . . . . . . Triggered . | . . . . . . . Machines | -11 -10 -10 -9 -9 -8 -7 ---------- Run | Scr Mat Min Mat Min Mat Fac Machines Disabled 3 | . . . . 2 1 . Max in Single Turn 2 | . . . . 2 1 . Machines Sabotaged . | . . . . . . . Garrisons Compromised . | . . . . . . . Overloaded Fab Kills . | . . . . . . . Fab Network Shutdowns . | . . . . . . . Hacking | -11 -10 -10 -9 -9 -8 -7 --------- Run | Scr Mat Min Mat Min Mat Fac Machines Accessed 12 | . 3 1 5 . 3 . Terminals 11 | . 3 . 5 . 3 . Fabricators . | . . . . . . . Repair Stations . | . . . . . . . Recycling Units . | . . . . . . . Scanalyzers . | . . . . . . . Garrison Access . | . . . . . . . Total Hacks 32 | . 8 1 13 . 10 . Successful 16 | . 5 1 5 . 5 . Failed 16 | . 3 . 8 . 5 . Catastrophic 4 | . 1 . 1 . 2 . Database Lockouts . | . . . . . . . Manual 26 | . 5 . 11 . 10 . Terminals 31 | . 8 . 13 . 10 . Fabricators . | . . . . . . . Repair Stations . | . . . . . . . Recycling Units . | . . . . . . . Scanalyzers . | . . . . . . . Garrison Access . | . . . . . . . Terminal Hacks 12 | . 3 1 5 . 3 . Record 1 | . . . 1 . . . Open Door 1 | . . 1 . . . . Branch Access Points 2 | . . . 1 . 1 . Terminal Index 1 | . 1 . . . . . Zone Layout 7 | . 2 . 3 . 2 . Fabricator Hacks . | . . . . . . . Repair Station Hacks . | . . . . . . . Recycling Unit Hacks . | . . . . . . . Scanalyzer . | . . . . . . . Garrison Access Hacks . | . . . . . . . Unauthorized Hacks 11 | . 5 . . . 6 . Terminals 4 | . 2 . . . 2 . Track 4 | . 2 . . . 2 . Fabricators . | . . . . . . . Repair Stations . | . . . . . . . Recycling Units . | . . . . . . . Scanalyzers . | . . . . . . . Garrison Access . | . . . . . . . Data Cores Recovered 1 | . . . 1 . . . Used 1 | . . . 1 . . . Hacking Detections 9 | . 3 . 4 . 2 . Full Trace Events . | . . . . . . . Feedback Events . | . . . . . . . Feedback Blocked . | . . . . . . . Robot Schematics Acquired . | . . . . . . . Robots Built . | . . . . . . . Matter . | . . . . . . . Time . | . . . . . . . Total Robot Build Rating . | . . . . . . . Part Schematics Acquired . | . . . . . . . Parts Built . | . . . . . . . Matter . | . . . . . . . Time . | . . . . . . . Total Part Build Rating . | . . . . . . . Parts Repaired . | . . . . . . . Time . | . . . . . . . Parts Recycled . | . . . . . . . Recycled Matter . | . . . . . . . Retrieved Matter . | . . . . . . . Retrieved Components . | . . . . . . . Parts Scanalyzed . | . . . . . . . Part Schematics Acquired . | . . . . . . . Parts Damaged . | . . . . . . . Bothacking | -11 -10 -10 -9 -9 -8 -7 ------------ Run | Scr Mat Min Mat Min Mat Fac Used RIF Installer . | . . . . . . . Robots Hacked . | . . . . . . . Non-combat . | . . . . . . . Combat . | . . . . . . . Robot Hacks Applied . | . . . . . . . Relay Couplers Released . | . . . . . . . Robots Rewired . | . . . . . . . Allies Hacked . | . . . . . . . Hacks Repelled . | . . . . . . . Allies | -11 -10 -10 -9 -9 -8 -7 -------- Run | Scr Mat Min Mat Min Mat Fac Total Allies . | . . . . . . . Largest Group . | . . . . . . . Highest-Rated Group . | . . . . . . . Highest-Rated Ally . | . . . . . . . Total Orders . | . . . . . . . Ally Attacks . | . . . . . . . Total Damage . | . . . . . . . Kills . | . . . . . . . Allies Corrupted . | . . . . . . . Allies Melted . | . . . . . . . Intel | -11 -10 -10 -9 -9 -8 -7 ------- Run | Scr Mat Min Mat Min Mat Fac Robot Analysis Total . | . . . . . . . Derelict Logs Recovered 2 | . . 1 . 1 . . Drone Launches . | . . . . . . . Drone Recoveries . | . . . . . . . Exploration | -11 -10 -10 -9 -9 -8 -7 ------------- Run | Scr Mat Min Mat Min Mat Fac Turns Passed 3458 | 44 1081 492 634 498 646 63 Spaces Moved 3450 | 35 766 791 872 678 269 39 Core 4 | 4 . . . . . . Treads . | . . . . . . . Legs 685 | 31 258 . . 88 269 39 Wheels . | . . . . . . . Hover . | . . . . . . . Flight 2761 | . 508 791 872 590 . . Fastest Speed 34 | 50 37 37 34 34 150 150 Average Speed 55 | 112 65 37 34 49 150 150 Slowest Speed 150 | 120 130 40 120 150 150 150 Overloaded Moves . | . . . . . . . Propulsion Burnouts . | . . . . . . . Robots Hopped 24 | . 8 10 4 2 . . Cave-ins Triggered . | . . . . . . . Exploration Rate (%) 52 | 3 95 99 50 96 25 2 Regions Visited 6 Branch Regions 2 Pre-discovered Areas 1 | . . 1 . . . . Known Exits Taken 5 | . 1 1 1 1 1 . Unknown Exits Taken 1 | 1 . . . . . . Scrap Searched 4 | . . 2 . 2 . . Spaces Dug . | . . . . . . . Terrain Destroyed 88 | . . . 48 11 29 . Melee . | . . . . . . . Projectile 2 | . . . 1 . 1 . AOE 86 | . . . 47 11 28 . Actions | -11 -10 -10 -9 -9 -8 -7 --------- Run | Scr Mat Min Mat Min Mat Fac Total 4657 | 38 1237 943 1096 809 493 41 Wait 785 | . 338 97 78 79 193 . Move 3398 | 34 751 770 863 673 268 39 Hop 22 | . 6 10 4 2 . . Pick Up 6 | . 3 2 . . 1 . Fast Attach 39 | 4 7 4 17 2 5 . Attach . | . . . . . . . Detach . | . . . . . . . Swap 8 | . 2 . 2 2 2 . Drop 28 | . 4 3 14 1 6 . Fire 287 | . 100 39 100 28 18 2 Melee . | . . . . . . . Ram . | . . . . . . . Kick . | . . . . . . . Crush . | . . . . . . . Escape Stasis . | . . . . . . . Rewire . | . . . . . . . Trap . | . . . . . . . Miscellaneous 84 | . 26 18 18 22 . . Route ------- -11/Scrapyard -10/Materials (discovered 5 exits: *Mat x3 / *Min x2) -10/Mines (discovered 3 exits: *Mat x2 / *Exi) -9/Materials (discovered 4 exits: *Mat x2 / *Min / Sto) -9/Mines (discovered 2 exits: *Mat x2) -8/Materials -7/Factory History --------- Turn | Location | Event 1 | -11/Scrapyard | Upgraded with Propulsion slot (x1) 8 | -11/Scrapyard | Discovered new exit (range 16) 45 | -11/Scrapyard | Entered Materials 297 | -10/Materials | Discovered new exit (range 7) 317 | -10/Materials | Build established: Mutant 511 | -10/Materials | Upgraded with Utility slot (x1) 531 | -10/Materials | Discovered new exit (range 15) 807 | -10/Materials | Build established: Scavenger-Mutant 817 | -10/Materials | Reached level 2 834 | -10/Materials | Upgraded with Utility slot (x1) 932 | -10/Materials | Discovered new exit (range 11) 941 | -10/Materials | Identified exit to Materials 1089 | -10/Materials | Identified exit to Mines 1109 | -10/Materials | Discovered exit to Mines (range 13) 1113 | -10/Materials | Discovered exit to Materials (range 14) 1126 | -10/Materials | Entered Mines 1129 | -10/Mines | Learned Materials terminal intel 1162 | -10/Mines | Discovered exit to Materials (range 7) 1199 | -10/Mines | Learned location of Storage (-9) 1207 | -10/Mines | Discovered exit to Materials (range 9) 1210 | -10/Mines | Met a Derelict who couldn't figure out how to use a Trap Extractor 1216 | -10/Mines | Upgraded with Utility slot (x1) 1273 | -10/Mines | Deemed a non-threat by the Exiles lab entrance 1273 | -10/Mines | Discovered new exit (range 5) 1274 | -10/Mines | Identified exit to Exiles 1407 | -10/Mines | Reached level 3 1618 | -10/Mines | Entered Materials 1619 | -9/Materials | Loaded intel: 12 terminal locations 1620 | -9/Materials | Reached level 4 1678 | -9/Materials | Upgraded with Propulsion slot (x1) 1691 | -9/Materials | Upgraded with Power slot (x1) 1814 | -9/Materials | Discovered new exit (range 20) 1836 | -9/Materials | Identified exit to Materials 1978 | -9/Materials | Build established: Mutant 2030 | -9/Materials | Core integrity fell below 50% 2036 | -9/Materials | Reached level 5 2097 | -9/Materials | Discovered exit to Materials (range 19) 2159 | -9/Materials | Identified exit to Mines 2159 | -9/Materials | Identified exit to Storage 2252 | -9/Materials | Entered Mines 2282 | -9/Mines | Found a hidden stash of uninstalled traps 2350 | -9/Mines | Discovered exit to Materials (range 8) 2354 | -9/Mines | Discovered exit to Materials (range 13) 2494 | -9/Mines | Reached level 6 2535 | -9/Mines | Assisted by bots powering up and referring to "LRC-V3" 2750 | -9/Mines | Entered Materials 2752 | -8/Materials | Reached level 7 2930 | -8/Materials | Core integrity fell below 50% 2930 | -8/Materials | Garrison activated, responded to threat 2930 | -8/Materials | Reached level 8 2955 | -8/Materials | Destroyed 7 combat bots 3061 | -8/Materials | Discovered new exit (range 9) 3072 | -8/Materials | Identified exit to Factory 3190 | -8/Materials | Build established: Scavenger-Mutant 3396 | -8/Materials | Entered Factory 3397 | -7/Factory | Core integrity fell below 50% 3398 | -7/Factory | Reached level 9 3459 | -7/Factory | Self-destructed Last Messages --------------- Retrieving Zone 2Z layout... Downloaded map data. K-01 Serf collects debris. K-01 Serf cleans the Nuclear Reactor. K-01 Serf collects debris. K-01 Serf cleans the Nuclear Reactor. K-01 Serf cleans the Terminal. Y-45 Defender destroyed. K-01 Serf collects debris. R-06 Scavenger collects Lgt. Armor Plating. K-01 Serf collects debris. Acquired 10 matter. K-01 Serf collects debris. K-01 Serf knocked back. LOCATION=FACTORY GOAL=ESCAPE Reached level 9. O-24 Administrator: "IFF HANDSHAKE FAILED. SECURING TERMINAL." ALERT: Hostiles spotted, dispatching reinforcements to Terminal F008. O-24 Administrator knocked back. Map ----- +----------------------------------------------------+ | ?????????????????????????????????????????????????? | | ?????????????????????????????????????????????????? | | ?????????????????????????????????????????????????? | | ?????????????????????????????????????????????????? | | ?????????????????????????????????????????????????? | | ?????????????????????????????????????????????????? | | ?????????????????????????????????????????????????? | | ?????????????????????????????????????????????????? | | ?????????????????????????????????????????????????? | | ?????????????????????????????????????????????????? | | ?????????????????????????????????????????????????? | | ?????????????????????????????????##########??????? | | ????????????????????????????????? # ??????? | | ????????????????????????????????? # ??????? | | ????????????????????????????????? # ""????? | | ????????????????????????????????? # """"#?? | | ????????????????????????######### # """"#?? | | ????????????????????????# """ ## ## """"#?? | | ????????????????????????# "T" ## ## / """"#?? | | ????????????????????????# " " ## ## """"#?? | | ????????????????????????# ## ## #?? | | ????????????????????????#] ## ######+####?? | | ??????????????????# ?x??# !# #?? | | ??????????????????# ??# # #?? | | ??????????????????# # """ + #?? | | ??????????????????# /@""" # #?? | | ??????????????????# # """ # #?? | | ??????????????????# # # ###?? | | ??????????????????# ?######### #???? | | ???????????????????x #???? | | ?????????????????? #???? | | ????????????????? ?? #???? | | ????????????????? ?? #???? | | ?????????????????? ??? #???? | | ?????????????????##????###################+#+#???? | | ?????????????????????????????????????????? [??? | | ???????????????????????????????????????? ? | | ?????????????????????????????????????? """""" # | | ????????????????????????????????????# """""" # | | ????????????????????????????????????# """""" # | | ????????????????????????????????????# """""" # | | ????????????????????????????????????# ??# | | ????????????????????????????????????# ????????? | | ????????????????????????????????????# ?????????? | | ????????????????????????????????????# ??????????? | | ?????????????????????????????????????????????????? | | ?????????????????????????????????????????????????? | | ?????????????????????????????????????????????????? | | ?????????????????????????????????????????????????? | | ?????????????????????????????????????????????????? | +----------------------------------------------------+ Best States ------------- Heat Dissipation 25 Coolant Potential 50 Energy Generation 23 Energy Capacity 400 Matter Stores 300 Matter Capacity 300 Sight Range 16 Robot Scan Range 16 Terrain Scan Density 10 Evasion (%) 63 Target Analysis 5 Armor Integrity Analysis 33 Item Schematics ----------------- None Robot Schematics ------------------ None Fabricated ------------ Nothing Alien Tech Used ----------------- None Achievements -------------- None Challenges ------------ None RPGLIKE | -11 -10 -10 -9 -9 -8 -7 --------- Run | Scr Mat Min Mat Min Mat Fac Levels Raised 8 | . 1 1 2 1 2 1 XP Earned 15650 | 3000 1975 1350 3125 1800 2900 1500 XP Spent 7200 | 500 2800 1100 2800 . . . Upgrades 12 | 1 5 1 5 . . . Power Slot 1 | . . . 1 . . . Propulsion Slot 2 | 1 . . 1 . . . Utility Slot 3 | . 2 1 . . . . Inventory Capacity 3 | . 3 . . . . . Ranged Accuracy 3 | . . . 3 . . . Protomatter Created 633 | . 224 125 114 160 10 . Integrity Restored 1645 | . 512 318 335 480 . . Core 1436 | . 403 244 309 480 . . Parts 209 | . 109 74 26 . . . Protomatter Decayed 135 | . 51 17 67 . . . Game ------ Seed RemoteProtonCasing Manual? 0 Play Time 00:53:05 Cumulative 37.0 hours Start 2019.12.20 @ 22:37:42 End 2019.12.21 @ 00:00:18 Sessions 1 Manual Loads 0 Difficulty Rogue Special Mode Winter2019/RPGLIKE Game No. 40 Rogue 40 Adventurer 0 Explorer 0 Win Type - Total 0 Types 0/0/0/0/0/0/0 Lore% 15 Gallery% 22 Achievement% 25 Wizard Run 0 Options --------- ASCII 0 Keyboard 0 Movement Mouse Keybinds 0 Fullscreen 0 Font 32/SmallcapsGlow Map View 76x50 Tactical HUD 0 Map Filters NONE Filters NONE Steam 1 RUN: e47acd21-1913-4360-994e-38ed3470f039